[Event "Titled Tuesday Blitz April 26 Early 2022"]
[White "Tatarinov, Dmitry"]
[Black "Rustemov, Alexander"]
[WhiteFideId "24160067"]
[BlackFideId "4119002"]
[WhiteElo "2302"]
[BlackElo "2831"]
[Result "0-1"]
[Round "09"]
[TimeControl "180+1"]
[Date "2022.04.26"]
[WhiteClock "0:00:20"]
[BlackClock "0:00:10"]

1. d4 d5 2. c4 c6 3. Nf3 Nf6 4. e3 a6 5. Nbd2 Bf5 6. Qb3 Ra7 7. Bd3 Bg6 8. O-O e6 9. Ne5 Nbd7 10. Nxg6 hxg6 11. h3 Bd6 12. e4 dxe4 13. Nxe4 Nxe4 14. Bxe4 Qh4 15. Qf3 Nf6 16. Bc2 g5 17. g3 Qxh3 18. Re1 g4 19. Qg2 Ra8 20. d5 cxd5 21. cxd5 Qxg2+ 22. Kxg2 Nxd5 23. Be4 Kd7 24. Rd1 Be5 25. Be3 Rac8 26. Bxd5 exd5 27. Rxd5+ Ke6 28. Rad1 Rc2 29. b4 Rhc8 30. a4 f6 31. Bc5 g5 32. a5 Rb2 33. Rd7 Rc7 34. Rd8 Kf5 35. R8d7 Ke6 36. Rxc7 Bxc7 37. Re1+ Be5 38. Rd1 f5 39. Rd8 f4 40. Re8+ Kd5 41. Kf1 f3 42. Ke1 Bc3+ 43. Kd1 Bxb4 44. Bb6 Ra2 45. Rg8 Ke4 46. Rxg5 Kd3 47. Rd5+ Kc3 48. Bd4+ Kc4 49. Rd8 Rd2+ 50. Kc1 Rxd4 51. Rg8 Kb3 52. Rb8 Ba3+ 53. Kb1 Rd1# 0-1


[Site "https://www.chess.com"]

[Event "Titled Tuesday Blitz April 26 Early 2022"]
[White "Todorovic, Bojan"]
[Black "Koellner, Ruben Gideon"]
[WhiteFideId "917087"]
[BlackFideId "12993093"]
[WhiteElo "2266"]
[BlackElo "2591"]
[Result "0-1"]
[Round "09"]
[TimeControl "180+1"]
[Date "2022.04.26"]
[WhiteClock "0:00:05"]
[BlackClock "0:01:06"]

1. d4 d6 2. e4 Nf6 3. Nc3 e5 4. Nf3 Nbd7 5. Bc4 Be7 6. O-O c6 7. a4 h6 8. Re1 Qc7 9. Ba2 Nf8 10. h3 g5 11. Nh2 Ng6 12. Nf1 g4 13. hxg4 Bxg4 14. f3 Bd7 15. Ne3 Rg8 16. Nf5 h5 17. Bg5 Bxf5 18. exf5 Nf4 19. Bxf4 exf4 20. Qd2 d5 21. Re5 O-O-O 22. Qxf4 Bd6 23. Rae1 Nd7 24. R1e3 f6 25. Nxd5 cxd5 26. Rc3 Nc5 27. Rxd5 Bxf4 28. Rdxc5 Rg7 29. Be6+ Kb8 30. Rxc7 Rxc7 31. Rxc7 Kxc7 32. Kf2 Rxd4 0-1


[Site "https://www.chess.com"]

[Event "Titled Tuesday Blitz April 26 Early 2022"]
[White "Toncheva, Nadya"]
[Black "Butti, Enrique"]
[WhiteFideId "2924056"]
[BlackFideId "3700470"]
[WhiteElo "1884"]
[BlackElo "2080"]
[Result "1/2-1/2"]
[Round "09"]
[TimeControl "180+1"]
[Date "2022.04.26"]
[WhiteClock "0:00:04"]
[BlackClock "0:00:32"]

1. e4 c5 2. Nf3 d6 3. d4 cxd4 4. Nxd4 Nf6 5. f3 a6 6. c4 e6 7. Nc3 b6 8. Be3 Bb7 9. Be2 Nbd7 10. O-O Be7 11. Qd2 Rc8 12. Rac1 O-O 13. b4 Re8 14. Nb3 Qc7 15. Na4 Bc6 16. b5 Bb7 17. bxa6 Bxa6 18. c5 b5 19. Nb6 Nxc5 20. Nxc8 Rxc8 21. Qa5 Qb7 22. Rfd1 Nfd7 23. Nxc5 Nxc5 24. Bxc5 dxc5 25. a4 c4 26. axb5 Qxb5 27. Qxb5 Bxb5 28. Kf1 h6 29. f4 Bc5 30. Bxc4 Be3 31. Bxb5 Rxc1 32. Rxc1 Bxc1 33. g3 Ba3 34. Ke2 Bc5 35. Kf3 Kf8 36. h3 Ke7 37. Kg4 f6 38. Bc4 e5 39. Kf5 Bf2 40. fxe5 Bxg3 41. exf6+ gxf6 42. Kg6 Bf4 43. Bf7 Be3 44. h4 Bf4 45. Bd5 Bc1 46. Kf5 Bd2 47. Bc4 Be3 48. Bd5 Bd2 49. Be6 Be3 50. Bd5 Bd2 1/2-1/2


[Site "https://www.chess.com"]

[Event "Titled Tuesday Blitz April 26 Early 2022"]
[White "Urazayev, Arystanbek"]
[Black "Bluebaum, Matthias"]
[WhiteFideId "13709810"]
[BlackFideId "24651516"]
[WhiteElo "2422"]
[BlackElo "2550"]
[Result "1-0"]
[Round "09"]
[TimeControl "180+1"]
[Date "2022.04.26"]
[WhiteClock "0:01:02"]
[BlackClock "0:00:07"]

1. d4 Nf6 2. c4 e6 3. Nc3 Bb4 4. Nf3 d5 5. Qa4+ Nc6 6. a3 Bxc3+ 7. bxc3 O-O 8. Bg5 h6 9. Bh4 Bd7 10. Qc2 Na5 11. cxd5 exd5 12. e3 Rc8 13. Bd3 c5 14. O-O c4 15. Bf5 g5 16. Bxd7 Qxd7 17. Ne5 Qe6 18. Bg3 Nb3 19. Rae1 Ne4 20. f3 Nxg3 21. hxg3 f5 22. e4 dxe4 23. fxe4 f4 24. gxf4 Rxf4 25. Rxf4 gxf4 26. Rf1 Rf8 27. Qe2 b5 28. Qh5 Kg7 29. d5 Qb6+ 30. Kh1 Qd6 31. Qg4+ Kh7 32. Rxf4 Rxf4 33. Qxf4 Qe7 34. Qf5+ Kg7 35. Qg6+ Kf8 36. Qxh6+ Kg8 37. Qg6+ Kf8 38. Qf5+ Kg7 39. Qg4+ Kh7 40. Qg6+ Kh8 41. Nf7+ Qxf7 42. Qxf7 1-0


[Site "https://www.chess.com"]

[Event "Titled Tuesday Blitz April 26 Early 2022"]
[White "Urbina Perez, Juan Antonio"]
[Black "Steil-Antoni, Fiona"]
[WhiteFideId "2217368"]
[BlackFideId "4001249"]
[WhiteElo "2192"]
[BlackElo "2059"]
[Result "1-0"]
[Round "09"]
[TimeControl "180+1"]
[Date "2022.04.26"]
[WhiteClock "0:00:10"]
[BlackClock "0:00:01"]

1. e4 e5 2. Nf3 Nc6 3. Bb5 a6 4. Ba4 d6 5. Bxc6+ bxc6 6. d4 f6 7. O-O Ne7 8. dxe5 fxe5 9. Bg5 Bg4 10. Nbd2 Qd7 11. c4 Ng6 12. Qa4 Be7 13. Bxe7 Nxe7 14. c5 O-O 15. Rac1 Rf6 16. cxd6 cxd6 17. Rc3 Raf8 18. Qxa6 Kh8 19. Qc4 Qe8 20. Re1 Qg6 21. Kh1 Qh5 22. Ree3 d5 23. exd5 cxd5 24. Qc5 d4 25. Qxe7 dxe3 26. Rxe3 Qe8 27. Qxe5 Qc6 28. Qc3 Qb7 29. h3 Rc6 30. Qa3 Rc1+ 31. Kh2 Qb8+ 32. g3 Bxf3 33. Nxf3 Rd8 34. Qe7 h6 35. Kg2 Qa8 36. g4 Rf8 37. Qe4 Qxe4 38. Rxe4 Rc2 39. Rb4 Re8 40. Nd4 Rd2 41. a4 Rd8 42. Nf3 Rc2 43. a5 Ra8 44. Rb5 Re8 45. Nd4 Rd2 46. Rb4 Rd8 47. Nf3 Rc2 48. a6 Ra8 49. Ra4 Rxb2 50. Nd4 Rb6 51. a7 Rb7 52. Nc6 Kg8 53. Ra6 Kf7 54. Nd8+ Rxd8 55. a8=Q Rxa8 56. Rxa8 Re7 57. Ra6 g6 58. Kg3 Kg7 59. Kf4 Rf7+ 60. Kg3 Re7 61. Ra4 Rd7 62. Re4 Rf7 63. h4 Ra7 64. Re6 Rb7 65. f3 Rb4 66. Rd6 Rb7 67. g5 h5 68. Rc6 Ra7 69. Kf4 Ra4+ 70. Ke5 Ra5+ 71. Ke6 Ra7 72. Rd6 Ra3 73. Rd7+ Kg8 74. Kf6 Rxf3+ 75. Kxg6 Kf8 76. Kxh5 Rf1 77. Rd6 Ra1 78. Rf6+ Kg7 79. Rg6+ Kh7 80. Rb6 Ra5 81. Rb7+ Kg8 82. Kh6 Kf8 83. g6 Ra6 84. h5 Rc6 85. Kh7 Ra6 86. g7+ 1-0


[Site "https://www.chess.com"]

[Event "Titled Tuesday Blitz April 26 Early 2022"]
[White "Vovk, Orest"]
[Black "Martin Carmona, Gaston Manuel"]
[WhiteFideId "14113490"]
[BlackFideId "22284567"]
[WhiteElo "2203"]
[BlackElo "2146"]
[Result "1/2-1/2"]
[Round "09"]
[TimeControl "180+1"]
[Date "2022.04.26"]
[WhiteClock "0:00:04"]
[BlackClock "0:00:06"]

1. e4 c5 2. d3 d6 3. Nd2 g6 4. Be2 Nc6 5. Ngf3 Bg7 6. O-O Nf6 7. c3 O-O 8. h3 a6 9. Re1 b5 10. a4 Bb7 11. Bf1 b4 12. d4 bxc3 13. bxc3 cxd4 14. cxd4 Nd7 15. Rb1 Rb8 16. Nc4 a5 17. Bf4 Ba6 18. Qd2 Rb4 19. Rxb4 Nxb4 20. Nxd6 Bxf1 21. Rxf1 exd6 22. Bxd6 Re8 23. e5 Nd5 24. Rb1 N7b6 25. Rb5 Nc4 26. Qc2 Nxd6 27. Rxd5 Qc8 28. Qxc8 Nxc8 29. Rxa5 Nb6 30. Ra7 Bf8 31. a5 Nc4 32. a6 Na5 33. Rc7 Ra8 34. a7 Nb3 35. d5 Bc5 36. d6 Rxa7 37. d7 Ra1+ 38. Kh2 Be7 39. Rc8+ Kg7 40. d8=Q Bxd8 41. Rxd8 Nc5 42. Rd4 Ne6 43. Rc4 h6 44. g3 Ra2 45. Kg2 g5 46. Nd4 Nf8 47. Rc7 Kg6 48. Rc6+ Kh7 49. Rf6 Ra7 50. f4 gxf4 51. gxf4 Rd7 52. Nf5 Ng6 53. Nd6 Kg7 54. Kg3 Ra7 55. Kg4 Re7 56. h4 Ra7 57. h5 Nf8 58. Nf5+ Kg8 59. Rxh6 Ne6 60. Rf6 Ra1 61. Nh6+ Kg7 62. Rxf7+ Kh8 63. Kf5 Ng7+ 64. Ke4 Ra4+ 65. Kf3 Nxh5 66. e6 Ng7 67. e7 Ra3+ 68. Kg4 Re3 69. Rxg7 Rxe7 70. Rxe7 1/2-1/2


[Site "https://www.chess.com"]

[Event "Titled Tuesday Blitz April 26 Early 2022"]
[White "Wagner, Dennis"]
[Black "Vasquez Schroeder, Rodrigo"]
[WhiteFideId "24650684"]
[BlackFideId "3400042"]
[WhiteElo "2355"]
[BlackElo "2561"]
[Result "0-1"]
[Round "09"]
[TimeControl "180+1"]
[Date "2022.04.26"]
[WhiteClock "0:00:15"]
[BlackClock "0:00:20"]

1. e4 c5 2. Nf3 d6 3. d4 cxd4 4. Nxd4 Nf6 5. Nc3 a6 6. Bg5 e6 7. f4 Nbd7 8. Qe2 Qc7 9. O-O-O b5 10. a3 Bb7 11. g4 Be7 12. Bxf6 Nxf6 13. g5 Nd7 14. Bg2 g6 15. h4 Qc4 16. Qxc4 bxc4 17. h5 e5 18. Nf3 exf4 19. hxg6 fxg6 20. Nd5 Bxd5 21. Rxd5 Nb6 22. Ra5 Kf7 23. c3 Ra7 24. Rh4 Kg7 25. Rxf4 Rf8 26. Rxf8 Kxf8 27. Kd2 Bd8 28. Bf1 Ke8 29. Ke3 Kd7 30. Nd4 d5 31. Bh3+ Ke8 32. exd5 Bxg5+ 33. Ke4 Nd7 34. d6 Bd8 35. Ra4 Nc5+ 36. Kd5 Nxa4 37. Nc6 Rb7 38. Bc8 Nb6+ 39. Ke6 Nxc8 40. Ne5 Nxd6 0-1


[Site "https://www.chess.com"]

[Event "Titled Tuesday Blitz April 26 Early 2022"]
[White "Wartiovaara, Oliver"]
[Black "Saim, Mohamed Ilias"]
[WhiteFideId "513024"]
[BlackFideId "7900465"]
[WhiteElo "1971"]
[BlackElo "2006"]
[Result "1-0"]
[Round "09"]
[TimeControl "180+1"]
[Date "2022.04.26"]
[WhiteClock "0:01:14"]
[BlackClock "0:00:01"]

1. e4 c6 2. d4 d5 3. e5 Bf5 4. Nd2 e6 5. Nb3 a5 6. a4 Nd7 7. Nf3 c5 8. dxc5 Ne7 9. Bb5 Nc6 10. Bxc6 bxc6 11. Be3 Qc7 12. Bd4 Be7 13. Qd2 Qa7 14. Qe3 Bxc2 15. Nbd2 Bxc5 16. Rc1 Bxd4 17. Nxd4 Bxa4 18. b3 Bb5 19. Nxb5 cxb5 20. Qxa7 Rxa7 21. Rc8+ Ke7 22. Rxh8 a4 23. bxa4 bxa4 24. O-O Nf8 25. Ra1 f6 26. f4 Kf7 27. Nb1 fxe5 28. fxe5 g6 29. Nc3 Kg7 30. Rxf8 Kxf8 31. Rxa4 Rc7 32. Nb5 Rc2 33. Nd4 Rc1+ 34. Kf2 Rb1 35. Nxe6+ Kf7 36. Nd4 Kg7 37. Ra7+ Kh6 38. e6 Rb2+ 39. Kf3 Rb4 40. e7 Rb8 41. Nc6 Ra8 42. Rxa8 1-0


[Site "https://www.chess.com"]

[Event "Titled Tuesday Blitz April 26 Early 2022"]
[White "Xiong, Jeffery"]
[Black "Terry, Renato"]
[WhiteFideId "2047640"]
[BlackFideId "3803457"]
[WhiteElo "2727"]
[BlackElo "2577"]
[Result "1-0"]
[Round "09"]
[TimeControl "180+1"]
[Date "2022.04.26"]
[WhiteClock "0:00:47"]
[BlackClock "0:00:02"]

1. e4 g6 2. d4 Bg7 3. Nf3 d6 4. Be3 Nf6 5. Nc3 c6 6. Qd2 Ng4 7. Bg5 h6 8. Bh4 Qa5 9. O-O-O g5 10. Bg3 b5 11. Kb1 b4 12. Ne2 Nf6 13. Qe3 Nh5 14. Nc1 Nd7 15. h4 g4 16. Nd2 Nxg3 17. fxg3 Qc7 18. Nc4 Nb6 19. e5 Nxc4 20. Bxc4 dxe5 21. d5 cxd5 22. Bxd5 Rb8 23. Nd3 O-O 24. Rhe1 e6 25. Bb3 Rb5 26. Nf2 f5 27. Nd3 Rd8 28. Rd2 Rb6 29. Nxb4 Rxb4 30. Qc3 Qe7 31. Rxd8+ Qxd8 32. Qxb4 e4 33. Qc5 Kh7 34. Qxa7 Qd6 35. h5 Qxg3 36. Rd1 1-0


[Site "https://www.chess.com"]

[Event "Titled Tuesday Blitz April 26 Early 2022"]
[White "Yang, Kaiqi"]
[Black "Stribuk, Artiom"]
[WhiteFideId "8604398"]
[BlackFideId "13515659"]
[WhiteElo "2373"]
[BlackElo "2259"]
[Result "0-1"]
[Round "09"]
[TimeControl "180+1"]
[Date "2022.04.26"]
[WhiteClock "0:00:06"]
[BlackClock "0:00:39"]

1. d4 Nf6 2. c4 c5 3. d5 b5 4. cxb5 a6 5. bxa6 g6 6. Nc3 Bg7 7. e4 O-O 8. Nf3 Qa5 9. Bd3 Nxd5 10. exd5 Bxc3+ 11. bxc3 Qxc3+ 12. Qd2 Qxa1 13. O-O Qg7 14. Bb2 f6 15. d6 e6 16. g4 Bxa6 17. g5 Bxd3 18. Qxd3 Nc6 19. Rc1 Rxa2 20. Bxf6 Rxf6 21. gxf6 Qxf6 22. Rxc5 Qb2 23. Qe3 Qb4 24. h3 Ra3 25. Qg5 Rxf3 26. Rxc6 Qe1+ 27. Kh2 Rxf2+ 28. Kg3 Rf5+ 29. Kg4 0-1


[Site "https://www.chess.com"]

[Event "Titled Tuesday Blitz April 26 Early 2022"]
[White "Yeremyan, Alen"]
[Black "Csonka, Balazs"]
[WhiteFideId "13308998"]
[BlackFideId "742910"]
[WhiteElo "2158"]
[BlackElo "2404"]
[Result "1-0"]
[Round "09"]
[TimeControl "180+1"]
[Date "2022.04.26"]
[WhiteClock "0:01:01"]
[BlackClock "0:00:05"]

1. e4 e6 2. d4 d5 3. e5 c5 4. c3 Qb6 5. Nf3 Bd7 6. Bd3 cxd4 7. O-O Nc6 8. Re1 Nge7 9. h4 Rc8 10. h5 h6 11. Nbd2 dxc3 12. bxc3 Na5 13. Rb1 Qc7 14. Bb2 Nec6 15. Qe2 Be7 16. Rbc1 Rd8 17. Bb1 Qb6 18. Ba1 Bc5 19. Bc2 Ne7 20. Nd4 Bxd4 21. cxd4 Nc4 22. Nb3 Bb5 23. Qg4 Kf8 24. Bc3 Qc7 25. Qf4 f5 26. Nc5 Qc6 27. a4 Ba6 28. g4 b6 29. gxf5 exf5 30. Bxf5 Nxf5 31. Qxf5+ Kg8 32. Nxa6 Rf8 33. Qg6 Qxa4 34. Nc7 Qd7 35. e6 Qxc7 36. e7 1-0


[Site "https://www.chess.com"]

[Event "Titled Tuesday Blitz April 26 Early 2022"]
[White "Yuan, Qingyu"]
[Black "Deac, Bogdan-Daniel"]
[WhiteFideId "8609772"]
[BlackFideId "1226380"]
[WhiteElo "2359"]
[BlackElo "2648"]
[Result "1-0"]
[Round "09"]
[TimeControl "180+1"]
[Date "2022.04.26"]
[WhiteClock "0:00:10"]
[BlackClock "0:00:05"]

1. e4 c5 2. Nf3 Nc6 3. Bc4 g6 4. c3 Bg7 5. d4 cxd4 6. cxd4 d6 7. Nc3 Nf6 8. h3 O-O 9. d5 Ne5 10. Nxe5 dxe5 11. O-O Ne8 12. a4 Nd6 13. Bd3 f5 14. a5 a6 15. Be3 f4 16. Bb6 Qe8 17. Be2 h5 18. Rc1 Qf7 19. Bf3 Bd7 20. Na4 Rae8 21. Rc7 Bb5 22. Re1 Rc8 23. Nc5 Rxc7 24. Bxc7 Rc8 25. Bb6 Bf6 26. b3 Kh7 27. Be2 Be8 28. Qd2 g5 29. g4 hxg4 30. Bxg4 Ra8 31. Kg2 Bb5 32. Rc1 Rh8 33. Qd1 Kg6 34. Qf3 Qh7 35. Nxb7 Qh4 36. Nxd6 exd6 37. Bf5+ Kh6 38. Rc7 Be8 39. Qg4 Bh5 40. Qxh4 gxh4 41. Kh2 Bf3 42. Rd7 Rg8 43. Rh7+ Kg5 44. Bc7 Rc8 45. Bxc8 1-0


[Site "https://www.chess.com"]

[Event "Titled Tuesday Blitz April 26 Early 2022"]
[White "Zhigalko, Sergei"]
[Black "Tanenbaum, Zachary"]
[WhiteFideId "13502956"]
[BlackFideId "2060850"]
[WhiteElo "2662"]
[BlackElo "2168"]
[Result "1-0"]
[Round "09"]
[TimeControl "180+1"]
[Date "2022.04.26"]
[WhiteClock "0:00:17"]
[BlackClock "0:00:04"]

1. e4 e5 2. Nf3 Nc6 3. Bb5 a6 4. Ba4 d6 5. O-O Nf6 6. Re1 Be7 7. c3 O-O 8. h3 b5 9. Bc2 Nb8 10. d4 Nbd7 11. Nbd2 Bb7 12. Nf1 Re8 13. Ng3 Bf8 14. a4 g6 15. Bd3 c6 16. Bg5 Bg7 17. Qd2 Qe7 18. Rad1 Qf8 19. Qc2 Rac8 20. b4 Nb6 21. a5 Nbd7 22. dxe5 dxe5 23. Qb2 c5 24. c4 bxc4 25. Bxc4 cxb4 26. Ba2 Rc7 27. Bd2 Rec8 28. Bxb4 Qe8 29. Ng5 Nf8 30. Bd6 Rd7 31. Nxf7 Rxf7 32. Qxb7 Ne6 33. Qxa6 Rc2 34. Bb3 Rb2 35. Qc4 Ng5 36. Ba3 Rxf2 37. Kxf2 Nfxe4+ 38. Kg1 Nxg3 39. Qd3 Nh5 40. Qd8 Nf6 41. Qxe8+ Nxe8 42. Rd8 Bf8 43. Rxe8 Kg7 44. Bxf8+ Rxf8 45. Rxf8 Kxf8 46. a6 1-0


[Site "https://www.chess.com"]

[Event "Titled Tuesday Blitz April 26 Early 2022"]
[White "Zia, Tahsin Tajwar"]
[Black "Djokic, Mihailo"]
[WhiteFideId "10211888"]
[BlackFideId "976440"]
[WhiteElo "1800"]
[BlackElo "2202"]
[Result "0-1"]
[Round "09"]
[TimeControl "180+1"]
[Date "2022.04.26"]
[WhiteClock "0:00:04"]
[BlackClock "0:00:50"]

1. d4 Nf6 2. c4 g6 3. Nc3 Bg7 4. e4 O-O 5. Be2 d6 6. Be3 Na6 7. h4 e5 8. d5 Nc5 9. Qc2 h5 10. b4 Na6 11. Rb1 Ng4 12. Bg5 f6 13. Bd2 f5 14. f3 Nf6 15. Bg5 Qe8 16. Bd3 f4 17. Nge2 Nh7 18. c5 Nxg5 19. hxg5 Qe7 20. Bxa6 bxa6 21. b5 Qxg5 22. Kf2 Qe7 23. Na4 axb5 24. Rxb5 Bd7 25. c6 Bc8 26. Nac3 Ba6 27. Ra5 Bc4 28. Qa4 Bxe2 29. Kxe2 Rfb8 30. Rxa7 Rb2+ 31. Kd3 Rxa7 32. Qxa7 Rxg2 33. Qb8+ Kh7 34. a4 Rf2 35. a5 Rxf3+ 36. Kc4 Qg5 37. a6 Qg2 38. Rxh5+ gxh5 39. Qe8 Qf1+ 40. Kb4 Qh3 41. a7 Rxc3 42. a8=Q Rb3+ 43. Ka5 Ra3+ 44. Kb5 Qb3# 0-1


[Site "https://www.chess.com"]

[Event "Titled Tuesday Blitz April 26 Early 2022"]
[White "volunteers1998"]
[Black "Kejzar, Petra"]
[BlackFideId "14610213"]
[WhiteElo "2297"]
[BlackElo "2003"]
[Result "0-1"]
[Round "09"]
[TimeControl "180+1"]
[Date "2022.04.26"]
[WhiteClock "0:00:01"]
[BlackClock "0:00:05"]

1. e4 c5 2. Nf3 Nc6 3. Bb5 g6 4. O-O Bg7 5. Re1 e6 6. c3 Nge7 7. d4 cxd4 8. cxd4 d5 9. e5 O-O 10. Nc3 a6 11. Bxc6 Nxc6 12. Bg5 f6 13. exf6 Bxf6 14. Bxf6 Qxf6 15. Rc1 Bd7 16. Ne2 Rac8 17. Qd2 Ne7 18. Rxc8 Bxc8 19. Qg5 Bd7 20. Qxf6 Rxf6 21. Ne5 Bc8 22. Rc1 Rf8 23. Rc7 Nf5 24. g4 Nd6 25. f3 Re8 26. Nd3 Nb5 27. Rc2 Rf8 28. Kg2 Kg7 29. Kg3 Na7 30. Ne5 Nb5 31. a4 Nd6 32. Nf4 Kf6 33. Rc7 b5 34. Rxh7 bxa4 35. Ra7 Nc4 36. Nxc4 dxc4 37. Rc7 Rd8 38. Rxc4 Bd7 39. Rc7 Bb5 40. Kf2 Rxd4 41. Kg3 Rd2 42. h4 Rxb2 43. g5+ Ke5 44. Rc5+ Kd4 45. Rc7 e5 46. Ne6+ Kd5 47. Nf8 Kd6 0-1


[Site "https://www.chess.com"]

[Event "Titled Tuesday Blitz April 26 Early 2022"]
[White "Aaditya Dhingra"]
[Black "Wagner, Dennis"]
[WhiteFideId "25678191"]
[BlackFideId "24650684"]
[WhiteElo "1849"]
[BlackElo "2355"]
[Result "1-0"]
[Round "10"]
[TimeControl "180+1"]
[Date "2022.04.26"]
[WhiteClock "0:00:03"]
[BlackClock "0:00:01"]

1. d4 Nf6 2. c4 e6 3. Nf3 d5 4. Nc3 Be7 5. Bf4 O-O 6. e3 c5 7. dxc5 Bxc5 8. a3 Nc6 9. b4 Bd6 10. Bxd6 Qxd6 11. Be2 Rd8 12. cxd5 Nxd5 13. Nxd5 Qxd5 14. Qc2 Bd7 15. Rd1 Qh5 16. h4 Qg6 17. Bd3 Qxg2 18. Ke2 Qg4 19. Rdg1 Qh5 20. Rg5 Qh6 21. Rhg1 g6 22. h5 Ne7 23. hxg6 hxg6 24. Ne5 Rac8 25. Qb1 Be8 26. Qa1 Rxd3 27. Kxd3 Nd5 28. R5g3 Qh5 29. Kd2 Bb5 30. Ng4 Kf8 31. Rh1 Qf5 32. Rh8+ Ke7 33. Rxc8 Qd3+ 34. Kc1 Qf1+ 35. Kb2 Qe2+ 36. Rc2 Qd3 37. Ne5 Qe4 38. f4 Nb6 39. Qd1 Ba4 40. Rc7+ Ke8 41. Qd4 Qh1 42. Qd2 Nd5 43. Nxf7 Nxc7 44. Nd6+ 1-0


[Site "https://www.chess.com"]

[Event "Titled Tuesday Blitz April 26 Early 2022"]
[White "Abarca Gonzalez, Nicolas"]
[Black "Svane, Rasmus"]
[WhiteFideId "3409422"]
[BlackFideId "4657101"]
[WhiteElo "2504"]
[BlackElo "2645"]
[Result "0-1"]
[Round "10"]
[TimeControl "180+1"]
[Date "2022.04.26"]
[WhiteClock "0:00:12"]
[BlackClock "0:00:06"]

1. e4 c6 2. d4 d5 3. exd5 cxd5 4. c4 Nf6 5. Nc3 Nc6 6. Nf3 a6 7. cxd5 Nxd5 8. Bd3 g6 9. Be4 Nf6 10. Bxc6+ bxc6 11. Ne5 Bg7 12. O-O O-O 13. Re1 Bb7 14. Qb3 Rb8 15. Be3 c5 16. Qc4 cxd4 17. Qxd4 Qxd4 18. Bxd4 Rfd8 19. Ba7 Rbc8 20. Rad1 Rxd1 21. Rxd1 Ne4 22. Bd4 Rd8 23. f4 Nxc3 24. bxc3 f6 25. Nd3 e5 26. Be3 Be4 27. Nf2 Rxd1+ 28. Nxd1 Bd5 29. a3 Bf8 30. fxe5 fxe5 31. a4 Ba3 32. a5 Kf7 33. Bb6 Ke6 34. Ne3 Bc6 35. Kf2 Bb2 36. c4 Kd6 37. g3 Bd4 38. Ke2 Bxb6 39. axb6 a5 40. Ng4 a4 41. Kd2 e4 42. Kc3 Kc5 43. Ne3 g5 44. h4 gxh4 45. gxh4 h5 46. Nf5 Kxb6 47. Kb4 Bd7 48. c5+ Kc6 49. Nd4+ Kd5 50. Nc2 a3 51. Nxa3 e3 52. Nc2 Ke4 53. Ne1 e2 54. Kc4 Ke3 55. c6 Bxc6 56. Kc5 Be4 57. Kd6 Kf2 58. Ke5 Kxe1 59. Kxe4 Kf2 60. Kf4 e1=Q 61. Kg5 Qe2 0-1


[Site "https://www.chess.com"]

[Event "Titled Tuesday Blitz April 26 Early 2022"]
[White "Alekseenko, Kirill"]
[Black "Martinez Alcantara, Jose Eduardo"]
[WhiteFideId "4135539"]
[BlackFideId "3805662"]
[WhiteElo "2682"]
[BlackElo "2690"]
[Result "0-1"]
[Round "10"]
[TimeControl "180+1"]
[Date "2022.04.26"]
[WhiteClock "0:00:07"]
[BlackClock "0:00:05"]

1. e4 c5 2. Nf3 d6 3. d4 cxd4 4. Nxd4 Nf6 5. Nc3 Nc6 6. Bg5 e6 7. Qd2 a6 8. O-O-O Bd7 9. f3 Nxd4 10. Qxd4 Bc6 11. Kb1 h6 12. Be3 d5 13. exd5 Nxd5 14. Nxd5 Qxd5 15. Qxd5 Bxd5 16. c4 Bc6 17. Bb6 Be7 18. Bd3 Bd8 19. Bxd8 Rxd8 20. Kc2 Ke7 21. Kc3 g5 22. b4 h5 23. Rhg1 f5 24. Bc2 g4 25. f4 Rxd1 26. Bxd1 h4 27. g3 b5 28. cxb5 axb5 29. Bb3 Be4 30. a4 Rc8+ 31. Kb2 bxa4 32. Bxa4 Rc4 33. Ka3 Rc3+ 34. Kb2 Rf3 35. b5 Rf2+ 36. Kc3 Rxh2 37. gxh4 Rxh4 38. b6 Kd6 39. Kd4 Rh3 40. Rd1 Bd5 41. Rb1 Rf3 42. Bc2 Rxf4+ 43. Ke3 Rf3+ 44. Ke2 Bb7 45. Rd1+ Kc5 46. Rb1 Rh3 47. Bd3 f4 48. Rb5+ Kd6 49. Rg5 Rh2+ 50. Ke1 g3 51. Rg7 Bd5 52. b7 Rb2 53. Rf7 g2 54. Rg7 f3 55. Kd1 Rxb7 0-1


[Site "https://www.chess.com"]

[Event "Titled Tuesday Blitz April 26 Early 2022"]
[White "Andreikin, Dmitry"]
[Black "Gokerkan, Cem Kaan"]
[WhiteFideId "4158814"]
[BlackFideId "6336760"]
[WhiteElo "2736"]
[BlackElo "2382"]
[Result "1-0"]
[Round "10"]
[TimeControl "180+1"]
[Date "2022.04.26"]
[WhiteClock "0:00:39"]
[BlackClock "0:00:03"]

1. d4 Nf6 2. c3 d5 3. Bf4 c5 4. e3 Nc6 5. Nd2 Bf5 6. Ngf3 e6 7. Bb5 Qc8 8. Ne5 Nd7 9. Ndf3 Ndxe5 10. Nxe5 f6 11. Nxc6 bxc6 12. Ba4 Be7 13. O-O O-O 14. Rc1 Qb7 15. c4 cxd4 16. cxd5 cxd5 17. Rc7 Qxb2 18. Rxe7 dxe3 19. Bxe3 Qxa2 20. Qd4 Qc4 21. Qxc4 dxc4 22. Rc1 Rfc8 23. Bd7 Rd8 24. Rxc4 e5 25. Ba4 Rac8 26. Rxc8 Rxc8 27. Rxa7 Be6 28. h3 Bf7 29. g4 h6 30. Kh2 Rb8 31. Kg3 Rc8 32. h4 Rc3 33. Ra8+ Kh7 34. Bd7 Bg6 35. h5 Be4 36. Be6 Bxa8 37. Bf5+ Kg8 38. Be6+ Kh8 39. Bf5 Bd5 40. Bd7 Rb3 41. Bf5 Ra3 42. Bd7 Ra6 43. Bf5 Be6 44. Bd3 Ra3 45. Be2 Ra2 46. Bd3 Ra1 47. Be2 Kg8 48. Bf3 Kf7 49. Be2 Ke7 50. Bc5+ Kd7 51. Bf8 Ra2 52. Bb5+ Kd8 53. Bxg7 Ke7 54. Bxh6 Ra3+ 55. Be3 Bg8 56. Kh4 Rb3 57. Bc5+ Kd8 58. Be2 Rb2 59. Bf3 Rc2 60. Be3 Bh7 61. Bd5 Ke7 62. g5 fxg5+ 63. Kxg5 Rb2 64. Bc5+ Kd7 65. Kf6 Rb5 66. Be6+ Kc6 67. Bf8 e4 68. h6 Rh5 69. Kg7 Bf5 70. Bxf5 Rxf5 71. h7 Rg5+ 72. Kh6 Rg2 73. h8=Q 1-0


[Site "https://www.chess.com"]

[Event "Titled Tuesday Blitz April 26 Early 2022"]
[White "Asavasaetakul, Chawit"]
[Black "Sihite, Chelsie Monica Ignesias"]
[WhiteFideId "6204856"]
[BlackFideId "7101198"]
[WhiteElo "1697"]
[BlackElo "2224"]
[Result "1-0"]
[Round "10"]
[TimeControl "180+1"]
[Date "2022.04.26"]
[WhiteClock "0:01:13"]
[BlackClock "0:00:51"]

1. e4 c5 2. c3 e6 3. d4 d5 4. exd5 exd5 5. Nf3 Nf6 6. Bb5+ Bd7 7. Bxd7+ Nbxd7 8. O-O Be7 9. dxc5 O-O 10. b4 a5 11. a3 Qc7 12. Bb2 Rfd8 13. Nbd2 Nf8 14. Nd4 Ne6 15. N2f3 b6 16. c6 Ne4 17. b5 N6c5 18. a4 Bf6 19. Qc2 g5 20. Rad1 g4 21. Ne1 Qe5 22. f3 gxf3 23. Nexf3 Qh5 24. Bc1 Kh8 25. Ne2 Rg8 26. Nf4 Qg4 27. Nxd5 Bg7 28. c4 f5 29. Nxb6 Raf8 30. Nd7 Rf6 31. Nxf6 Bxf6 32. Bb2 h5 33. Bxf6+ Nxf6 34. Rd4 Nce4 35. c7 h4 36. Rd8 h3 37. c8=Q hxg2 38. Rxg8+ Qxg8 39. Qxg8+ Nxg8 40. Qxg2 1-0


[Site "https://www.chess.com"]

[Event "Titled Tuesday Blitz April 26 Early 2022"]
[White "Barria Zuniga, Daniel"]
[Black "Molina, Roberto Junio Brito"]
[WhiteFideId "3400816"]
[BlackFideId "2109450"]
[WhiteElo "2414"]
[BlackElo "2432"]
[Result "0-1"]
[Round "10"]
[TimeControl "180+1"]
[Date "2022.04.26"]
[WhiteClock "0:00:04"]
[BlackClock "0:01:00"]

1. c4 c6 2. g3 d5 3. Bg2 dxc4 4. Nf3 b5 5. O-O Bb7 6. a4 a6 7. d3 cxd3 8. Ne5 Nd7 9. Nxc6 Qb6 10. Be3 Qc7 11. Bf4 e5 12. Nxe5 Bxg2 13. Nxd7 Qxd7 14. Kxg2 Nf6 15. Qxd3 Qxd3 16. exd3 b4 17. Nd2 Kd7 18. Nc4 Nd5 19. Bd2 f6 20. Rfe1 Bc5 21. Re4 Rhc8 22. Rae1 a5 23. h4 Bf8 24. h5 h6 25. Kf3 Bc5 26. R1e2 Ra6 27. Kg4 f5+ 28. Kxf5 Rf8+ 29. Kg4 Nf6+ 30. Kh3 Nxe4 31. dxe4 Rxf2 32. Rxf2 Bxf2 33. Kg2 Bd4 34. b3 Bf6 35. Kf3 Bd8 36. Be3 Bc7 37. Bd4 g6 38. g4 gxh5 39. gxh5 Ra8 40. Bg7 Rg8 41. Bxh6 Rg3+ 42. Kf2 Rxb3 43. Bg7 Ke6 44. h6 Kf7 45. e5 Rh3 46. Nd6+ Ke6 0-1


[Site "https://www.chess.com"]